 Dungeon Crawl Stone Soup version 0.25.1-9-gc5326a611f (webtiles) character file.

Game seed: 4118695010917888514

11109 DildoBatman the Geomancer (level 12, -2/80 HPs)
             Began as a Formicid Wizard on Jan 2, 2021.
             Was a High Priest of Kikubaaqudgha.
             Slain by a sixfirhy (7 damage)
             ... summoned by an orc high priest
             ... on level 1 of the Orcish Mines.
             The game lasted 00:56:51 (11102 turns).

DildoBatman the Geomancer (Formicid Wizard)        Turns: 11102, Time: 00:56:52

Health: -2/80      AC:  9    Str: 13    XL:     12   Next: 3%
Magic:  0/22       EV: 12    Int: 24    God:    Kikubaaqudgha [*****.]
Gold:   505        SH:  5    Dex:  9    Spells: 4/25 levels left

rFire    . . .     SeeInvis +   a - +3 halberd
rCold    + . .     Gourm    .   R - +1 buckler
rNeg     . . .     Faith    .   N - +2 leather armour {rC+}
rPois    .         Spirit   +   (helmet unavailable)
rElec    .         Reflect  .   (no cloak)
rCorr    .         Harm     .   (no gloves)
MR       +....                  (no boots)
Stlth    +++.......             B - amulet of guardian spirit
HPRegen  0.23/turn              D - ring of stealth
MPRegen  0.18/turn              S - +4 ring of protection

@: brilliant
A: permanent stasis, dig shafts and tunnels, four strong arms, antennae 3,
talons 1, clever 1, wild magic 1
a: Dig, Shaft Self, Receive Corpses, Torment, Renounce Religion


You were on level 1 of the Orcish Mines.
You worshipped Kikubaaqudgha.
Kikubaaqudgha was extremely pleased with you.
You were not hungry.

You visited 3 branches of the dungeon, and saw 12 of its levels.

You collected 796 gold pieces.
You spent 291 gold pieces at shops.

Inventory:

Hand Weapons
 a - a +3 halberd (weapon)
 b - a +0 hunting sling
 c - a +1 dagger of protection
 d - a +2 vorpal falchion
 e - a +0 trident of venom
 f - the +1 dagger of Qij Qann {venom, rC+}
   (You found it on level 7 of the Dungeon)

   It poisons the flesh of those it strikes.
   It protects you from cold.
Missiles
 h - 74 sling bullets
 j - 73 bolts
 m - 166 arrows
 y - 32 poisoned darts
 J - a throwing net (quivered)
 K - 321 stones
Armour
 o - +0 swamp dragon scales
 N - a +2 leather armour of cold resistance (worn)
 R - a +1 buckler (worn)
Magical Staves
 W - an uncursed staff of poison
Jewellery
 B - an amulet of guardian spirit (around neck)
 D - a ring of stealth (left hand)
 S - a +4 ring of protection (right hand)
Wands
 q - a wand of iceblast (9)
 I - a wand of paralysis (6)
 Q - a wand of flame (30)
Scrolls
 k - a scroll of random uselessness {unknown}
 l - 2 scrolls of fog {unknown}
 w - 2 scrolls of immolation
 x - 8 scrolls of remove curse
 z - a scroll of identify
 C - a scroll of magic mapping
 E - a scroll of vulnerability {unknown}
 L - a scroll of enchant armour
 O - 2 scrolls of noise
 P - a scroll of fear {unknown}
Potions
 g - 2 potions of degeneration {unknown}
 i - a potion of stabbing {unknown}
 p - 2 potions of brilliance
 r - 2 potions of cancellation {unknown}
 t - a potion of mutation
 u - 4 potions of lignification {unknown}
 F - 3 potions of berserk rage {unknown}
 G - 4 potions of flight {unknown}
 H - a potion of haste {unknown}
 U - a potion of magic {unknown}
Miscellaneous
 M - a phantom mirror
Comestibles
 s - 5 chunks of flesh
 v - 39 rations


   Skills:
 * Level 2.7 Fighting
 * Level 2.6 Armour
 * Level 2.3 Dodging
 - Level 2.4 Stealth
 - Level 3.0 Shields
 - Level 7.0 Spellcasting
 - Level 6.0 Conjurations
   Level 1.0 Summonings
 - Level 9.0 Necromancy
   Level 0.8 Translocations
 - Level 5.0 Fire Magic
 - Level 4.0 Air Magic
 - Level 11.0 Earth Magic
 - Level 4.0 Poison Magic


You had 4 spell levels left.
You knew the following spells:

 Your Spells              Type           Power        Failure   Level  Hunger
a - Conjure Flame         Conj/Fire      ######..     4%          3    None
b - Borgnjor's Vile Clut  Necr/Erth      #######...   7%          5    None
c - Magic Dart            Conj           ####         1%          1    None
d - Vampiric Draining     Necr           #######...   1%          3    None
e - Mephitic Cloud        Conj/Pois/Air  ######..     7%          3    None
h - Dispel Undead         Necr           #######.     4%          4    None
z - Sublimation of Blood  Necr           #######...   1%          2    None

Your spell library contained the following spells:

 Spells                   Type           Power        Failure   Level  Hunger
 Animate Skeleton         Necr           N/A          1%          1    None
 Pain                     Necr           ####         1%          1    None
 Sandblast                Erth           ######       1%          1    None
 Stone Arrow              Conj/Erth      ######       1%          3    None
 Shock                    Conj/Air       ####         2%          1    None
 Passwall                 Tmut/Erth      ######..     2%          2    None
 Animate Dead             Necr           N/A          4%          4    None
 Static Discharge         Conj/Air       ######..     6%          3    None
 Call Imp                 Summ           ####....     13%         2    None
 Petrify                  Tmut/Erth      ######..     14%         4    None
 Slow                     Hex            ###.....     21%         2    None
 Airstrike                Air            ######....   24%         4    None
 Lee's Rapid Deconstruct  Erth           #######...   4%          5    None
 Agony                    Necr           #######.     10%         5    None
 Lightning Bolt           Conj/Air       ######....   41%         5    None
 Simulacrum               Ice/Necr       ######....   95%         6    None
 Swiftness                Chrm/Air       Unusable     N/A         2    N/A
 Blink                    Tloc           Unusable     N/A         2    N/A

Dungeon Overview and Level Annotations

Branches:
Dungeon (10/15)            Temple (1/1) D:7            Lair (0/6) D:9
    Orc (1/2) D:10

Altars:
Ashenzari
Cheibriados
Dithmenos
Elyvilon
Fedhas
Gozag
Hepliaklqana
Kikubaaqudgha
Makhleb
Nemelex Xobeh
Okawaru
Qazlal
Ru
Sif Muna
Trog
Uskayaw
Vehumet
Wu Jian
Xom
Yredelemnul
Zin
The Shining One

Shops:
D:5 !   D:6 *   D:7 (*   D:10 *

Annotations:
D:7 exclusion: earth elemental
D:9 3 runed translucent doors, Alannah's ghost, journeyman GrHu


Innate Abilities, Weirdness & Mutations

You cannot be hasted, slowed, berserked, paralysed or teleported.
You can dig through walls and to a lower floor.
Your four strong arms can wield two-handed weapons with a shield.
You have a pair of large antennae on your head. (SInv)
You have sharp toenails.
Your mind is acute. (Int +2)
Your spells are a little harder to cast, but a little more powerful.


Message History

The sixfirhy shocks you! The sixfirhy hits you. The sixfirhy shocks you!
The sixfirhy hits you but does no damage.
The sixfirhy closely misses you.
You feel better.
You feel better.
You feel better. The sixfirhy hits you. The sixfirhy shocks you!
The sixfirhy barely misses you. The sixfirhy hits you. The sixfirhy shocks you!
As you read the scroll of enchant armour, it crumbles to dust.
Your +0 buckler glows green for a moment.
The sixfirhy hits you! The sixfirhy shocks you! The sixfirhy hits you!
You die...
Kikubaaqudgha rasps: "You have failed me!
Welcome... death!"

,,,.......#.o.#.........,,,*
,,,.......)^){'.........,,,*
,,,.......#..{#.........,,,*
,,,.......#..{#.........,,,*
***########)..##{######*****
#)).#{## ##[###{##
############.####3#
..).......#).)##@##
..#........)).####
.........).#.##
....#........##
..#.#..)#.....#
........###))##
##..##.###)### ##.######.##
#### ##.##


You could see a sixfirhy (summoned).

Vanquished Creatures
  An orc warlord (Orc:1)
  Fannar (Orc:1)
  Erolcha (Orc:1)
  An orc knight (Orc:1)
  2 deep elf magi (Orc:1)
  Maggie (D:7)
  A queen bee (D:9)
  A hippogriff (D:9)
  A warg (D:10)
  A swamp drake (Orc:1)
  17 orc warriors
  A phantom (D:8)
  8 ogres
  3 centaurs
  A big kobold (D:5)
  2 bullfrogs
  A gnoll sergeant (D:10)
  2 scorpions
  21 killer bees (D:9)
  6 wights (D:9)
  A bullfrog zombie (D:5)
  5 crimson imps
  3 howler monkeys (D:7)
  A quasit (D:10)
  2 centaur zombies
  2 hounds
  A bullfrog skeleton (D:5)
  A centaur skeleton (D:7)
  An iron imp (Orc:1)
  16 orc priests
  6 worker ants
  21 orc wizards
  4 iguanas
  A hound zombie (D:7)
  2 worker ant zombies
  Robin (D:3)
  11 gnolls
  2 howler monkey skeletons
  10 adders
  2 shadow imps
  A white imp (Orc:1)
  An ooze (D:3)
  4 adder skeletons
  An adder zombie (D:7)
  A worm (D:3)
  6 dart slugs
  9 leopard geckos
  53 orcs
  9 giant cockroaches
  15 hobgoblins
  16 jackals
  4 quokkas
  6 bats
  2 frilled lizards
  19 goblins
  10 kobolds
  A leopard gecko skeleton (D:6)
  A quokka skeleton (D:9)
  A quokka zombie (D:7)
  10 rats
336 creatures vanquished.

Vanquished Creatures (collateral kills)
  A killer bee (D:9)
1 creature vanquished.

Vanquished Creatures (others)
  A killer bee (D:9)
  2 orcs (Orc:1)
3 creatures vanquished.

Grand Total: 340 creatures vanquished

Notes
Turn   | Place    | Note
-------+----------+-------------------------------------------
     0 | D:1      | DildoBatman the Formicid Wizard began the quest for the
                  | Orb.
     0 | D:1      | Reached XP level 1. HP: 13/13 MP: 4/4
    80 | D:1      | Reached skill level 1 in Conjurations
   337 | D:1      | Reached XP level 2. HP: 19/19 MP: 0/6
   819 | D:1      | Reached XP level 3. HP: 24/24 MP: 3/7
  1571 | D:2      | Reached XP level 4. HP: 30/30 MP: 1/8
  1591 | D:2      | Learned a level 3 spell: Conjure Flame
  1595 | D:2      | Learned a level 3 spell: Mephitic Cloud
  1797 | D:2      | Found an ancient bone altar of Kikubaaqudgha.
  1820 | D:2      | Became a worshipper of Kikubaaqudgha
  2244 | D:3      | Reached * piety under Kikubaaqudgha
  2244 | D:3      | Identified Kikubaaqudgha's Compendium of Black Rituals
                  | (Kikubaaqudgha gifted it to you on level 3 of the Dungeon)
  2244 | D:3      | Received a gift from Kikubaaqudgha
  2279 | D:3      | Reached XP level 5. HP: 35/35 MP: 4/9
  2624 | D:3      | Found a shimmering blue altar of Sif Muna.
  3055 | D:3      | Reached skill level 1 in Poison Magic
  3159 | D:3      | Noticed Robin
  3210 | D:3      | Killed Robin
  3408 | D:4      | Reached skill level 1 in Fighting
  3466 | D:4      | Reached skill level 1 in Fire Magic
  3466 | D:4      | Reached XP level 6. HP: 43/43 MP: 6/10
  3750 | D:4      | Found a radiant altar of Vehumet.
  3866 | D:4      | Reached ** piety under Kikubaaqudgha
  4122 | D:4      | Reached skill level 1 in Armour
  4122 | D:4      | Reached skill level 1 in Air Magic
  4235 | D:4      | Noticed an ogre
  4285 | D:4      | Killed an ogre
  4285 | D:4      | Reached XP level 7. HP: 49/49 MP: 1/11
  4429 | D:5      | Entered Level 5 of the Dungeon
  4484 | D:5      | Found Kemeaf's Distillery.
  4535 | D:5      | Bought a potion of curing for 42 gold pieces
  4535 | D:5      | Bought a potion of mutation for 112 gold pieces
  4535 | D:5      | Gained mutation: Your spells are a little harder to cast,
                  | but a little more powerful. [potion of mutation]
  4535 | D:5      | Gained mutation: You have sharp toenails. [potion of
                  | mutation]
  4535 | D:5      | Gained mutation: Your mind is acute. (Int +2) [potion of
                  | mutation]
  4898 | D:5      | Reached skill level 5 in Conjurations
  4898 | D:5      | Reached XP level 8. HP: 44/56 MP: 9/12
  4901 | D:5      | Found a sacrificial altar of Ru.
  5344 | D:6      | Reached *** piety under Kikubaaqudgha
  5344 | D:6      | Identified Kikubaaqudgha's Guide on Necromancy
                  | (Kikubaaqudgha gifted it to you on level 6 of the Dungeon)
  5344 | D:6      | Received a gift from Kikubaaqudgha
  5357 | D:6      | Learned a level 4 spell: Dispel Undead
  5436 | D:6      | Found a hide-covered altar of Uskayaw.
  5519 | D:6      | Found a snail-covered altar of Cheibriados.
  5639 | D:6      | Found a basalt altar of Yredelemnul.
  5756 | D:6      | Found Eduwnent's Assorted Antiques.
  5761 | D:6      | Bought 2 scrolls labeled LODASI ON PETT for 58 gold pieces
  5761 | D:6      | Bought a golden potion for 26 gold pieces
  5761 | D:6      | Bought a green potion for 26 gold pieces
  5789 | D:6      | Found a burning altar of Makhleb.
  5797 | D:6      | Reached skill level 1 in Necromancy
  5973 | D:7      | Found Cuahicu's Weapon Shop.
  6186 | D:7      | Reached XP level 9. HP: 61/61 MP: 2/15
  6190 | D:7      | Learned a level 2 spell: Sublimation of Blood
  6194 | D:7      | Learned a level 3 spell: Vampiric Draining
  6228 | D:7      | Found a staircase to the Ecumenical Temple.
  6243 | Temple   | Entered the Ecumenical Temple
  6325 | D:7      | Got an encrusted dagger
  6326 | D:7      | Identified the cursed +1 dagger of Qij Qann {venom, rC+}
                  | (You found it on level 7 of the Dungeon)
  6349 | D:7      | Found a stormy altar of Qazlal.
  6350 | D:7      | Found a bloodstained altar of Trog.
  6404 | D:7      | Noticed Maggie
  6419 | D:7      | Killed Maggie
  6745 | D:7      | Found Niypeo's Assorted Antiques.
  6752 | D:7      | Bought a scroll labeled SUFEAK RISE for 27 gold pieces
  7095 | D:8      | Reached **** piety under Kikubaaqudgha
  7162 | D:8      | Reached skill level 5 in Spellcasting
  7162 | D:8      | Reached skill level 5 in Fire Magic
  7852 | D:9      | Found a staircase to the Lair.
  7899 | D:9      | Found a runed translucent gate.
  7899 | D:9      | Found a runed translucent gate.
  7900 | D:9      | Found a runed translucent gate.
  7902 | D:9      | Found an opulent altar of Gozag.
  7904 | D:9      | Noticed Alannah's ghost (journeyman GrHu)
  7904 | D:9      | Noticed a flayed ghost
  7949 | D:9      | Reached skill level 5 in Necromancy
  7972 | D:9      | Reached XP level 10. HP: 53/67 MP: 3/19
  8223 | D:9      | Learned a level 5 spell: Borgnjor's Vile Clutch
  8242 | D:9      | Found a shattered altar of Ashenzari.
  8281 | D:9      | Found an opulent altar of Gozag.
  8290 | D:9      | Found a glowing silver altar of Zin.
  8400 | D:9      | Reached skill level 1 in Earth Magic
  8415 | D:9      | Reached skill level 2 in Earth Magic
  8647 | D:9      | Reached skill level 3 in Earth Magic
  9002 | D:9      | Reached skill level 4 in Earth Magic
  9002 | D:9      | Reached skill level 5 in Earth Magic
  9002 | D:9      | Reached ***** piety under Kikubaaqudgha
  9002 | D:9      | Reached skill level 6 in Earth Magic
  9097 | D:10     | Entered Level 10 of the Dungeon
  9207 | D:10     | Reached skill level 1 in Shields
  9509 | D:10     | Found a staircase to the Orcish Mines.
  9586 | D:10     | Reached skill level 7 in Earth Magic
  9605 | D:10     | Found Alleyrom's Assorted Antiques.
  9990 | Orc:1    | Entered Level 1 of the Orcish Mines
 10013 | Orc:1    | Noticed Erolcha
 10038 | Orc:1    | Reached XP level 11. HP: 72/72 MP: 12/21
 10054 | Orc:1    | Killed Erolcha
 10054 | Orc:1    | Reached skill level 8 in Earth Magic
 10268 | Orc:1    | Noticed a deep elf mage
 10284 | Orc:1    | Killed a deep elf mage
 10340 | Orc:1    | Noticed Fannar
 10355 | Orc:1    | Killed Fannar
 10355 | Orc:1    | Reached skill level 9 in Earth Magic
 10370 | Orc:1    | Noticed a deep elf mage
 10376 | Orc:1    | Killed a deep elf mage
 10541 | Orc:1    | Noticed an orc warlord
 10627 | Orc:1    | Killed an orc warlord
 10627 | Orc:1    | Reached skill level 10 in Earth Magic
 10697 | Orc:1    | Noticed an orc knight
 10720 | Orc:1    | Killed an orc knight
 10723 | Orc:1    | Reached skill level 11 in Earth Magic
 10959 | Orc:1    | Reached XP level 12. HP: 61/80 MP: 19/22
 11083 | Orc:1    | Noticed an orc high priest
 11086 | Orc:1    | Noticed a sixfirhy
 11086 | Orc:1    | Noticed a sixfirhy
 11102 | Orc:1    | Slain by a sixfirhy

Illustrated notes

Levels and vault maps discovered:
D:1:      sevenhm_arrival_forest_fort_small_4, layout_loops_corners,
          serial_rivers, chequers_serial_rivers_room_b,
          chequers_serial_rivers_micro_e, chequers_serial_rivers_room_b,
          chequers_serial_rivers_micro_a, chequers_serial_rivers_large_a,
          chequers_serial_rivers_micro_a
D:2:      layout_rooms, lemuel_coloured_pillars_altar
D:3:      kennysheep_goblin_castle, layout_loops_corners,
          overflow_temple_1_default
D:4:      layout_basic, fiery_altar_vehumet, first_ration
D:5:      layout_basic, kennysheep_mini, serial_shops, shop,
          hangedman_decor_lopped
D:6:      layout_rooms, kennysheep_little_box, kennysheep_slug_shrine,
          makhleb_heckhound_becter, marbit_many_paths, serial_shops, shop
D:7:      layout_rooms, nicolae_qazlal_style_of_elements, lemuel_crystal_altar,
          minmay_temple_entry_mist, serial_shops, kennysheep_mini_moat,
          nicolae_shop_waterfront, grunt_ogre_cave, uniq_maggie
D:8:      layout_loops_cross
D:9:      layout_rooms, grunt_temple_overflow_gold_and_silver,
          ashenzari_altar_1, lair_entry_dummy, special_room [special_room_bee],
          ebering_ghost_gozag
D:10:     layout_cave_pools, erik_orc_4, serial_shops, shop
Temple:   jpeg_temple_island
Orc:1:    orc_temple, layout_caves, hangedman_minor_magic, uniq_fannar,
          uniq_erolcha

Skill      XL: |  1  2  3  4  5  6  7  8  9 10 11 |
---------------+----------------------------------+-----
Conjurations   | 1 2 3 4 5 6 |  6.0
Poison Magic   | 1 2 3 4 |  4.0
Fighting       | 1 2 |  2.7
Fire Magic     | 1 2 4 5 |  5.0
Armour         | 1 2 |  2.6
Air Magic      | 1 2 3 4 |  4.0
Necromancy     | 2 5 6 9 |  9.0
Spellcasting   | 4 6 7 |  7.0
Earth Magic    | 7 11 | 11.0
Shields        | 3 |  3.0
Dodging        | 2 |  2.3
Stealth        | |  2.4
Summonings     | |  1.0
Translocations | |  0.8

Action                   |  1- 3 |  4- 6 |  7- 9 | 10-12 || total
-------------------------+-------+-------+-------+-------++-------
Melee: Short sword       |     6 |     2 |       |       ||     8
       Dagger            |       |     1 |    96 |    68 ||   165
       Staff             |       |       |    41 |    58 ||    99
       Kick              |       |       |    34 |    62 ||    96
       Trident           |       |       |    26 |    65 ||    91
       Halberd           |       |       |       |    97 ||    97
       Falchion          |       |       |       |    33 ||    33
 Fire: Hunting sling     |       |   128 |   158 |    76 ||   362
Throw: Dart              |       |       |     5 |       ||     5
       Stone             |       |       |     1 |       ||     1
 Cast: Magic Dart        |    77 |    96 |    62 |    18 ||   253
       Conjure Flame     |       |     7 |    26 |    26 ||    59
       Mephitic Cloud    |       |     5 |    34 |    37 ||    76
       Dispel Undead     |       |       |     2 |       ||     2
       Borgnjor's Vile C |       |       |       |    18 ||    18
       Sublimation of Bl |       |       |       |     5 ||     5
       Vampiric Draining |       |       |       |     5 ||     5
 Abil: Dig               |     3 |     8 |    26 |    21 ||    58
Evoke: Wand              |       |       |     5 |       ||     5
  Use: Scroll            |       |     2 |     4 |     7 ||    13
       Potion            |       |       |     1 |     8 ||     9
 Stab: Confused          |       |       |     3 |    11 ||    14
       Sleeping          |       |       |     1 |     1 ||     2
  Eat: Chunk             |     2 |     8 |    18 |    16 ||    44
       Ration            |       |     1 |       |     1 ||     2
Armor: Robe              |     4 |     8 |    13 |     1 ||    26
       Swamp dragon scal |       |       |     3 |       ||     3
       Leather armour    |       |       |       |    72 ||    72
Dodge: Dodged            |    14 |    49 |   114 |   131 ||   308
Block: Buckler           |       |       |       |    30 ||    30
       Rpst.: Falchion   |       |       |       |     4 ||     4
